 Dungeon Crawl Stone Soup version bcrawl-1.36.4 (webtiles) character file.

Game seed: 7889160281645096481

168182 Mrkan the Covered (level 5, -16/47 HPs)
             Began as a Gnoll Wanderer on July 25, 2022.
             Was a Follower of Ru.
             Blown up by Duvessa (20 damage)
             ... with a wand of disintegration (2)
             ... on level 4 of the Dungeon.
             The game lasted 00:08:02 (2490 turns).

Mrkan the Covered (Gnoll Wanderer)                  Turns: 2490, Time: 00:08:02

Health: -16/47     AC:  6    Str: 14    XL:     5   Next: 91%
Magic:  7/7        EV: 12    Int: 13    God:    Ru [*.....]
Gold:   254        SH:  0    Dex: 17    Spells: 7/7 levels left

rFire    . . .     SeeInvis .   a - +2 dagger
rCold    . . .     Gourm    .   (no shield)
rNeg     . . .     Faith    .   d - +0 ring mail
rPois    .         Spirit   .   (no helmet)
rElec    .         Reflect  .   (no cloak)
rCorr    .                      (no gloves)
MR       .....                  (no boots)
Stlth    ++........             (no amulet)
HPRegen  0.15/turn              (no ring)
MPRegen  0.10/turn              (no ring)

@: no status effects
A: distributed training, fangs 1, hated by all, strong nose
a: Renounce Religion


You were on level 4 of the Dungeon.
You worshipped Ru.
Ru was aware of your devotion.
You were not hungry.

You visited 1 branch of the dungeon, and saw 4 of its levels.

You collected 254 gold pieces.

Inventory:

Hand Weapons
 a - a +2 dagger (weapon)
Missiles
 l - 215 poisoned needles
 t - 115 javelins (quivered)
Armour
 d - a +0 ring mail (worn)
 h - a +0 pair of gloves
 j - a +0 pair of boots
 q - a +1 hat
 r - a +0 pair of gloves
Jewellery
 m - a +5 ring of intelligence {unknown}
Scrolls
 b - a scroll of blinking
 c - 3 scrolls of teleportation
 f - a scroll of immolation {unknown}
 i - a scroll of identify
 p - a scroll of enchant weapon {unknown}
 s - a scroll of remove curse {unknown}
Potions
 g - a potion of berserk rage {unknown}
 k - a potion of heal wounds
 n - a potion of lignification
 o - 2 potions of flight {unknown}
Comestibles
 e - 6 rations {!d}


   Skills:
 + Level 6.7 Fighting
 + Level 1.6 Short Blades
 + Level 1.6 Long Blades
 + Level 1.6 Axes
 + Level 1.6 Maces & Flails
 + Level 1.6 Polearms
 + Level 1.6 Staves
 + Level 1.6 Slings
 + Level 1.6 Bows
 + Level 3.0 Crossbows
 + Level 3.0 Throwing
 + Level 6.7 Armour
 + Level 3.0 Dodging
 + Level 3.0 Stealth
 + Level 1.6 Shields
 + Level 1.6 Unarmed Combat
 + Level 1.6 Spellcasting
 + Level 1.3 Conjurations
 + Level 1.3 Hexes
 + Level 1.3 Charms
 + Level 1.3 Summonings
 + Level 1.3 Necromancy
 + Level 1.3 Translocations
 + Level 1.3 Transmutations
 + Level 1.3 Fire Magic
 + Level 1.3 Ice Magic
 + Level 1.3 Air Magic
 + Level 1.3 Earth Magic
 + Level 1.3 Poison Magic
 + Level 1.8 Invocations
 + Level 1.6 Evocations


You had 7 spell levels left.
You didn't know any spells.
Your spell library was empty.

Dungeon Overview and Level Annotations

Branches:
Dungeon (4/12)
 Temple: D:4-7

Altars:
Kikubaaqudgha
Lugonu
Nemelex Xobeh
Ru
Trog

Shops:
D:4 =

Annotations:
D:2 Sigmund
D:3 2 transporters, zoran's ghost, amateur KoSk
D:4 Dowan; Duvessa


Innate Abilities, Weirdness & Mutations

Your experience applies equally to all skills.
You have very sharp teeth.
You are hated by all.
Your uncanny sense of smell can sniff out nearby items.


Message History

The adder bites you but does no damage.
You hit the adder.
The adder is almost dead.
The adder bites you.
* * * LOW HITPOINT WARNING * * *
You hit the adder.
You kill the adder!
Duvessa barely misses you.
You hit Duvessa but do no damage. Duvessa barely misses you.
Dowan zaps a wand.
You resist with some effort.
You barely miss Duvessa. Duvessa hits you with a +0 short sword!
* * * LOW HITPOINT WARNING * * *
Dowan zaps a wand.
You resist with some effort.
Duvessa says, "My weaknesses are his strengths!"
Duvessa hits you but does no damage.
A sky beast appears from thin air!
Reactivating autopickup.
You redirect Dowan's attack!
Duvessa zaps a wand.
You are blasted!
You die...

###.## #######..##
###........#
.#..#....e.## ∆
##...#...#...##
..#...#...#§.###
.#...#...#..Y#..##
.#...#...#...#e..#..#
...#...#...#..@#...#.#
.#...#...#...#...#...#
#...#...#...#...#...#.#
..#...#...#...#...#...#
.#...#...#...#...#...#..
...#...#...#...#...#....
.#...#...#...#e..#...#
...#...#...#[..#...#..
.#...#...#...#.e.#...#


You could see Duvessa, a sky beast and Dowan.

Vanquished Creatures
  A scorpion (D:4)
  Jessica (D:2)
  A hound skeleton (D:4)
  A howler monkey skeleton (D:4)
  4 adders
  3 oozes
  3 worms
  3 leopard geckos
  2 orcs
  6 bats
  7 hobgoblins
  3 jackals (D:3)
  2 quokkas
  5 goblins
  8 kobolds
  6 rats
56 creatures vanquished.

Notes
Turn   | Place    | Note
-------+----------+-------------------------------------------
     0 | D:1      | Mrkan the Gnoll Wanderer began the quest for the Orb.
     0 | D:1      | Mrkan set off with the following items: a +2 dagger, a
                  | scroll of blinking, a scroll of teleportation, a +0 ring
                  | mail, a ration {!d}
     0 | D:1      | Reached XP level 1. HP: 23/23 MP: 1/1
   217 | D:1      | Reached XP level 2. HP: 25/29 MP: 2/2
   589 | D:2      | Noticed Jessica
   742 | D:2      | Reached XP level 3. HP: 30/35 MP: 3/3
   860 | D:2      | Found a sacrificial altar of Ru.
   895 | D:2      | Killed Jessica
   896 | D:2      | Reached skill level 1 in Short Blades
   896 | D:2      | Reached skill level 1 in Long Blades
   896 | D:2      | Reached skill level 1 in Axes
   896 | D:2      | Reached skill level 1 in Maces & Flails
   896 | D:2      | Reached skill level 1 in Polearms
   896 | D:2      | Reached skill level 1 in Staves
   896 | D:2      | Reached skill level 1 in Slings
   896 | D:2      | Reached skill level 1 in Bows
   896 | D:2      | Reached skill level 1 in Shields
   896 | D:2      | Reached skill level 1 in Unarmed Combat
   896 | D:2      | Reached skill level 1 in Spellcasting
   896 | D:2      | Reached skill level 1 in Invocations
   896 | D:2      | Reached skill level 1 in Evocations
  1040 | D:2      | Reached XP level 4. HP: 41/41 MP: 5/5
  1154 | D:2      | Found a sparkling altar of Nemelex Xobeh.
  1155 | D:2      | Noticed Sigmund
  1198 | D:2      | Became a worshipper of Ru the Awakened
  1296 | D:3      | Reached skill level 1 in Conjurations
  1296 | D:3      | Reached skill level 1 in Hexes
  1296 | D:3      | Reached skill level 1 in Charms
  1296 | D:3      | Reached skill level 1 in Summonings
  1296 | D:3      | Reached skill level 1 in Necromancy
  1296 | D:3      | Reached skill level 1 in Translocations
  1296 | D:3      | Reached skill level 1 in Transmutations
  1296 | D:3      | Reached skill level 1 in Fire Magic
  1296 | D:3      | Reached skill level 1 in Ice Magic
  1296 | D:3      | Reached skill level 1 in Air Magic
  1296 | D:3      | Reached skill level 1 in Earth Magic
  1296 | D:3      | Reached skill level 1 in Poison Magic
  1509 | D:3      | Found a transporter.
  1516 | D:3      | Noticed zoran's ghost (amateur KoSk)
  1526 | D:3      | Reached XP level 5. HP: 29/47 MP: 6/6
  1654 | D:3      | Found a bloodstained altar of Trog.
  1666 | D:3      | Found a corrupted altar of Lugonu.
  1670 | D:3      | Found an ancient bone altar of Kikubaaqudgha.
  1771 | D:3      | Found a transporter.
  2011 | D:4      | HP: 2/47 [poisoned by a scorpion]
  2218 | D:4      | Noticed Duvessa
  2218 | D:4      | Noticed Dowan
  2228 | D:4      | HP: 1/47 [disintegration (14)]
  2269 | D:4      | Found Qabimis's Jewellery Shoppe.
  2423 | D:4      | Gained mutation: You are hated by all. [Ru sacrifice]
  2423 | D:4      | Reached * piety under Ru
  2459 | D:4      | Noticed a sky beast
  2490 | D:4      | Blown up by Duvessa

Skill      XL: |  1  2  3  4  5 |
---------------+----------------+-----
Short Blades   | 1 |  1.6
Long Blades    | 1 |  1.6
Axes           | 1 |  1.6
Maces & Flails | 1 |  1.6
Polearms       | 1 |  1.6
Staves         | 1 |  1.6
Slings         | 1 |  1.6
Bows           | 1 |  1.6
Shields        | 1 |  1.6
Unarmed Combat | 1 |  1.6
Spellcasting   | 1 |  1.6
Invocations    | 1 |  1.8
Evocations     | 1 |  1.6
Conjurations   | 1 |  1.3
Hexes          | 1 |  1.3
Charms         | 1 |  1.3
Summonings     | 1 |  1.3
Necromancy     | 1 |  1.3
Translocations | 1 |  1.3
Transmutations | 1 |  1.3
Fire Magic     | 1 |  1.3
Ice Magic      | 1 |  1.3
Air Magic      | 1 |  1.3
Earth Magic    | 1 |  1.3
Poison Magic   | 1 |  1.3
Crossbows      | 3 |  3.0
Throwing       | 3 |  3.0
Dodging        | 3 |  3.0
Stealth        | 3 |  3.0
Fighting       | |  6.7
Armour         | |  6.7

Action                   |  1- 3 |  4- 6 || total
-------------------------+-------+-------++-------
Melee: Dagger            |    72 |   143 ||   215
       Bite              |    11 |    14 ||    25
       Unarmed           |       |     2 ||     2
Invok: Sacrifice Love    |       |     1 ||     1
  Use: Potion            |       |     3 ||     3
 Stab: Sleeping          |     1 |       ||     1
  Eat: Chunk             |     1 |     5 ||     6
       Ration            |       |     1 ||     1
Armor: Ring mail         |    23 |    33 ||    56
       Skin              |       |    22 ||    22
Dodge: Dodged            |    40 |    76 ||   116
